 Dungeon Crawl Stone Soup version 0.29.1-12-g30fa7ad0bf (webtiles) character file.

Game seed: 10403570646436399744

65994 Lutefisk the Warrior (level 15, -10/169 HPs)
             Began as an Ogre Cinder Acolyte on Dec 20, 2022.
             Was a High Priest of Ignis.
             Mangled by a catoblepas (28 damage)
             ... led by Polyphemus
             ... on level 2 of the Shoals.
             The game lasted 02:39:00 (18087 turns).

Lutefisk the Warrior (Ogre Cinder Acolyte)         Turns: 18087, Time: 02:39:00

Health: -10/169    AC:  8    Str: 22    XL:     15   Next: 18%
Magic:  16/34      EV: 14    Int: 19    God:    Ignis [*****.]
Gold:   1241       SH: 22    Dex:  6    Spells: 29/44 levels left

rFire   + . .      SeeInvis +   (no weapon)
rCold   . . .      Faith    .   D - +0 tower shield
rNeg    . . .      Spirit   .   V - +0 troll leather armour
rPois   +          Reflect  +   (helmet restricted)
rElec   .          Harm     .   M - scarf {repulsion}
rCorr   .          Rampage  .   (gloves unavailable)
Will    +....                   (boots unavailable)
Stlth   ++........              q - amulet "Vizoe" {Reflect SH+5 Stlth+}
HPRegen 1.18/turn               b - ring "Oget" {rPois EV+4}
MPRegen 0.24/turn               l - ring of the Octopus King {HP+2 AC+2 EV+2 SH+2 SInv}

@: marked, repel missiles, very slow
A: large, unfitting armour, tough skin 1
a: Renounce Religion, Fiery Armour, Foxfire Swarm, Rising Flame


You were on level 2 of the Shoals.
You worshipped Ignis.
Ignis was extremely pleased with you.
You visited 4 branches of the dungeon, and saw 22 of its levels.
You also visited: Sewer and Ossuary.

You collected 1884 gold pieces.
You spent 643 gold pieces at shops.

Inventory:

Hand Weapons
 o - a +0 scimitar of flaming
 r - the +7 flail "Gram" {holy, rPois rN+ rCorr}
   (You bought it in a shop on level 2 of the Orcish Mines)

   It has been blessed by the Shining One to cause great damage to the undead
   and demons.
   rPois:     It protects you from poison.
   rN:        It protects you from negative energy.
   rCorr:     It protects you from acid and corrosion.
Missiles
 k - 11 boomerangs
 m - 4 boomerangs of dispersal
 B - 15 javelins
 G - 14 poisoned darts
 U - 2 curare-tipped darts (quivered)
 Y - 11 large rocks
 Z - 5 silver javelins
Armour
 x - a +2 robe of willpower
 D - a +0 tower shield (worn)
 M - a scarf of repulsion (worn)
 V - a +0 troll leather armour (worn)
Magical Staves
 T - a staff of air
Jewellery
 a - a ring of willpower
 b - the ring "Oget" (left hand) {rPois EV+4}
   (You found it on level 1 of the Shoals)

   [ring of evasion]

   EV:        It affects your evasion (+4).
   rPois:     It protects you from poison.
 l - a ring of the Octopus King (right hand) {HP+2 AC+2 EV+2 SH+2 SInv}
   (You found it on level 5 of the Lair of Beasts)

   [ring of see invisible]

   AC:        It affects your AC (+2).
   EV:        It affects your evasion (+2).
   HP:        It affects your health (+2).
   SInv:      It lets you see invisible.
   SH:        It affects your SH (+2).
 p - a ring of protection from cold
 q - the amulet "Vizoe" (around neck) {Reflect SH+5 Stlth+}
   (You found it on level 7 of the Dungeon)

   [amulet of reflection]

   It reflects blocked missile attacks.
   SH:        It affects your SH (+5).
   Stlth:     It makes you more stealthy.
 H - a ring of positive energy
 X - a ring of resist corrosion
Wands
 t - a wand of iceblast (1)
 w - a wand of polymorph (10)
 K - a wand of flame (20)
 N - a wand of mindburst (2)
 W - a wand of digging (9)
Scrolls
 d - 3 scrolls of torment
 i - 5 scrolls of enchant weapon
 j - 2 scrolls of silence
 n - 5 scrolls of amnesia
 v - 2 scrolls of poison
 y - 3 scrolls of noise {unknown}
 z - 2 scrolls of identify
 I - 2 scrolls of vulnerability {unknown}
 P - 2 scrolls of enchant armour
 R - a scroll of immolation {unknown}
 S - a scroll of magic mapping {unknown}
Potions
 e - 3 potions of lignification
 f - a potion of resistance
 g - 2 potions of curing
 h - 9 potions of might
 s - 2 potions of cancellation {unknown}
 u - 4 potions of brilliance
 A - 3 potions of ambrosia
 E - 2 potions of mutation
 F - 4 potions of attraction
 J - 3 potions of haste
 L - 5 potions of flight
 Q - 2 potions of berserk rage {unknown}
Miscellaneous
 O - a phantom mirror (inert)


   Skills:
 - Level 15.0 Fighting
 - Level 3.0 Polearms
 - Level 3.0 Throwing
 - Level 7.0 Armour
 - Level 8.0 Dodging
 - Level 1.0 Stealth
 - Level 12.0 Shields
 - Level 15.0 Spellcasting
 * Level 4.0 Conjurations
 * Level 4.0 Fire Magic
 * Level 4.0 Ice Magic
 - Level 6.0 Evocations


You had 29 spell levels left.
You knew the following spells:

 Your Spells              Type           Power      Damage    Failure   Level
a - Scorch                Fire           58%        2d8       4%          2
b - Frozen Ramparts       Ice            58%        1d9       10%         3
c - Passwall              Tmut/Erth      11%        N/A       26%         2
d - Hailstorm             Conj/Ice       29%        3d8       32%         4
e - Sticky Flame          Conj/Fire      29%        2d5       32%         4

Your spell library contained the following spells:

 Spells                   Type           Power      Damage    Failure   Level
 Freeze                   Ice            100%       1d11      3%          1
 Ensorcelled Hibernation  Hex/Ice        42%        N/A       12%         2
 Static Discharge         Conj/Air       21%        3-6/arc   12%         2
 Apportation              Tloc           28%        N/A       17%         1
 Necrotise                Necr           56%        1d6       17%         1
 Summon Small Mammal      Summ           56%        N/A       17%         1
 Call Imp                 Summ           14%        N/A       26%         2
 Swiftness                Air            14%        N/A       45%         3
 Anguish                  Hex/Necr       7%         N/A       86%         4
 Dispel Undead            Necr           14%        3d10      86%         4
 Summon Cactus Giant      Summ           7%         N/A       100%        6
 Enfeeble                 Hex            7%         N/A       100%        7


Dungeon Overview and Level Annotations

Branches:
Dungeon (13/15)            Temple (0/1) D:6            Lair (5/5) D:8
 Shoals (2/4) Lair:2        Snake (0/4) Lair:2        Slime (0/5) Lair:5
    Orc (2/2) D:12            Elf (0/3) Orc:2         Sewer (visited)
Ossuary (visited)
 Vaults: D:13-14

Altars:
Cheibriados
Dithmenos
Gozag
Kikubaaqudgha
Nemelex Xobeh
Sif Muna
Trog
Uskayaw
Xom

Shops:
Orc:2 *((=

Portals:
Trove: D:12 (give +6 ice dragon scales)

Annotations:
D:2 Sigmund
D:12 Rupert
Lair:1 1 runed translucent door, Lutefisk's ghost, journeyman TeAE
Shoals:2 Polyphemus
Orc:2 3 runed translucent doors, exclusion: obsidian statue, zeram's ghost, journeyman MiFi


Innate Abilities, Weirdness & Mutations

You are too large for most types of armour.
You have tough skin. (AC +1)


Message History

Flames lash the merfolk siren.
The merfolk siren is burned terribly!
You break out of your daze!
You kill the merfolk siren!
A harpy comes into view.
A harpy comes into view.
Okay, then.
Okay, then.
A harpy comes into view.
A death yak comes into view.
A harpy comes into view.
Okay, then.
Press: ? - help, v - describe, . - travel
Here: a harpy Some shallow water.
Okay, then.
The harpy claws you.
* * * LOW HITPOINT WARNING * * *
The harpy claws you!
* * * LOW HITPOINT WARNING * * *
As you read the scroll of teleportation, it crumbles to dust.
You feel strangely unstable. You block the harpy's attack.
The harpy closely misses you.
A harpy comes into view.
The harpy attacks as you move away! You block the harpy's attack.
The harpy claws you!
* * * LOW HITPOINT WARNING * * *
Found a stone staircase leading down.
You block the harpy's attack. x2
The harpy attacks as you move away! The harpy claws you but does no damage.
You block the harpy's attack. The harpy claws you!
* * * LOW HITPOINT WARNING * * *
You block the harpy's attack. The harpy claws you.
* * * LOW HITPOINT WARNING * * *
The harpy claws you but does no damage. You block the harpy's attack. x2
The harpy attacks as you move away! You block the harpy's attack.
The harpy claws you.
* * * LOW HITPOINT WARNING * * *
Your surroundings suddenly seem different.
Splash!
You fall into the shallow water.
Moving in this stuff is going to be slow.
The catoblepas gores you!!
You die...

~ ~. ~## ≈≈≈≈≈~≈≈≈≈≈~..~
~. ..# ~~~~≈≈≈..~≈≈≈~~~
~~ ~.## ~≈~~≈≈≈≈~.~≈≈≈~~
~? ~..#
.~≈≈≈≈≈≈≈≈≈~~~≈≈≈ ~~
~<.# ..~~~≈≈~≈≈≈≈~~~~≈≈
~~ ~(.#
..~~~.~..~≈≈≈~~~≈≈ ~~
~~.###...~~~~~.~≈≈≈~...~
~~
~)~...†..~~~~~~~@Y.....~
~~
~~~..###~~~≈≈~~~~..#####
~. ~~~†.# #Y.~≈≈≈≈~~.##
. ≈~~~.###..~≈≈≈≈~..#
≈~~~..##..~~~≈~~..#
≈≈~~~))...~~~≈~~~..
≈≈~)†.....~~~~≈~~..
~~~.###...~~~~≈~~~..
~~..###~≈≈≈~~~≈≈


You could see a catoblepas.

Vanquished Creatures
  Snorg (D:11)
  A merfolk impaler (Shoals:2)
  Josephine (Lair:5)
  A merfolk javelineer (Shoals:1)
  5 hydras
  4 ogre magi (Orc:2)
  Erica (D:11)
  A centaur warrior (D:12)
  3 catoblepae (Lair:5)
  A merfolk avatar (Shoals:1)
  10 two-headed ogres
  A merfolk aquamancer (Shoals:2)
  An alligator snapping turtle (Shoals:1)
  6 death yaks (Lair:5)
  A sea snake (Shoals:1)
  Pikel (D:4)
  A lindwurm (Lair:4)
  An ugly thing (D:11)
  An orc sorcerer (Orc:1)
  7 fauns (Shoals:1)
  3 cyclopes
  5 manticores
  2 merfolk sirens
  3 elephants
  4 water nymphs
  A gargoyle (D:12)
  A torpor snail (Lair:1)
  4 black mambas
  6 cane toads
  2 unseen horrors (D:11)
  7 komodo dragons
  2 rime drakes (Lair:2)
  A tengu conjurer (D:12)
  6 trolls
  Grinder (D:6)
  A hornet (D:8)
  8 merfolk
  2 snapping turtles
  3 dream sheep (Shoals:2)
  A slime creature (Lair:5)
  11 blink frogs
  4 wraiths (Lair:5)
  A basilisk (Lair:5)
  3 water elementals
  A wyvern (Lair:1)
  43 yaks
  8 redbacks (D:12)
  5 wargs
  9 water moccasins
  2 ice beasts
  A black bear (D:5)
  17 orc warriors
  22 ogres
  12 wolves
  2 centaurs
  2 phantoms (D:6)
  4 kobold brigands
  2 elf zombies (Ossuary)
  7 bullfrogs
  A necrophage (D:6)
  3 scorpions
  2 gnoll sergeants
  10 wights
  4 killer bees
  5 howler monkeys
  4 electric eels (D:12)
  A centaur zombie (Ossuary)
  4 human zombies
  A hound (D:4)
  3 jellies (Lair:5)
  14 orc priests
  A gnoll bouda (D:8)
  Jessica (D:3)
  4 iguanas
  Ijyb (D:3)
  27 orc wizards
  A hound zombie (Ossuary)
  3 mummies (Ossuary)
  Robin (D:3)
  12 gnolls
  9 adders
  2 river rats (Sewer)
  A shadow imp (D:7)
  A white imp (D:7)
  2 ufetubi
  4 adder zombies (Ossuary)
  3 worms
  3 dart slugs
  69 orcs
  4 bats
  7 endoplasms
  4 giant cockroaches
  A gnoll zombie (Ossuary)
  18 goblins
  4 hobgoblins (D:1)
  13 jackals
  6 ball pythons
  9 frilled lizards
  2 goblin zombies (Ossuary)
  3 hobgoblin zombies (Ossuary)
  5 jackal zombies (Ossuary)
  22 kobolds
  3 kobold zombies (Ossuary)
  An orc zombie (Ossuary)
  5 quokka zombies (Ossuary)
  16 rats
  3 rat zombies (Ossuary)
591 creatures vanquished.

Vanquished Creatures (collateral kills)
  2 yaks (Lair:2)
  2 wights (D:8)
4 creatures vanquished.

Vanquished Creatures (others)
  A two-headed ogre (Orc:2)
  2 manticores
  A black mamba (Lair:5)
  A cane toad (Lair:2)
  A yak (Lair:2)
  A water moccasin (Lair:2)
  An orc (D:12)
  A kobold (D:10)
  20 fungi
  55 plants
84 creatures vanquished.

Grand Total: 679 creatures vanquished

Notes
Turn   | Place    | Note
-------+----------+-------------------------------------------
     0 | D:1      | Lutefisk the Ogre Cinder Acolyte began the quest for the
                  | Orb.
     0 | D:1      | Reached XP level 1. HP: 24/24 MP: 2/2
    78 | D:2      | Reached XP level 2. HP: 33/33 MP: 3/3
   165 | D:1      | Reached skill level 5 in Fighting
   332 | D:2      | Reached XP level 3. HP: 31/44 MP: 4/4
   335 | D:2      | Learned a level 2 spell: Scorch
   500 | D:1      | Reached XP level 4. HP: 39/53 MP: 2/5
   657 | D:2      | Found a faded altar of an unknown god.
   702 | D:2      | Noticed Sigmund
   734 | D:3      | Noticed Jessica
   739 | D:3      | Killed Jessica
   745 | D:3      | Found a shadowy altar of Dithmenos.
   841 | D:3      | Noticed Robin
   875 | D:3      | Killed Robin
   876 | D:3      | Reached XP level 5. HP: 31/62 MP: 0/6
  1164 | D:3      | Noticed Ijyb
  1193 | D:3      | Killed Ijyb
  1397 | D:3      | Found a shimmering blue altar of Sif Muna.
  1452 | D:3      | Reached XP level 6. HP: 19/74 MP: 0/7
  1548 | D:4      | Noticed Pikel
  1572 | D:4      | Killed Pikel
  1573 | D:4      | Reached skill level 1 in Evocations
  1573 | D:4      | Reached skill level 1 in Armour
  1573 | D:4      | Reached skill level 1 in Stealth
  1573 | D:4      | Reached XP level 7. HP: 11/84 MP: 2/11
  1879 | D:4      | Reached skill level 10 in Fighting
  1984 | D:4      | Found a sparkling altar of Nemelex Xobeh.
  2150 | D:5      | Entered Level 5 of the Dungeon
  2194 | D:4      | Reached XP level 8. HP: 71/93 MP: 6/13
  2430 | D:5      | Learned a level 3 spell: Frozen Ramparts
  2778 | D:4      | Reached skill level 5 in Spellcasting
  2791 | D:5      | Reached skill level 1 in Ice Magic
  2842 | D:5      | Found a hide-covered altar of Uskayaw.
  2842 | D:5      | Noticed a +0 short sword
  2842 | D:5      | Noticed a +0 dagger
  2842 | D:5      | Noticed a +0 spear
  2843 | D:5      | Noticed a +0 dagger
  2843 | D:5      | Noticed a +0 short sword
  2843 | D:5      | Noticed a +0 falchion
  2850 | D:5      | Noticed a +0 spear
  2852 | D:5      | Noticed a +0 falchion
  2999 | D:6      | Found an ancient bone altar of Kikubaaqudgha.
  3160 | D:6      | Reached XP level 9. HP: 61/101 MP: 11/16
  3169 | D:6      | Found a glowing drain.
  3184 | Sewer    | Entered a sewer
  3621 | D:5      | Reached skill level 1 in Throwing
  3638 | D:6      | Noticed Grinder
  3664 | D:6      | Killed Grinder
  3892 | D:6      | Found a staircase to the Ecumenical Temple.
  4019 | D:7      | Identified the amulet "Vizoe" {Reflect SH+5 Stlth+}
  4163 | D:7      | Found a sand-covered staircase.
  4168 | Ossuary  | Entered an ossuary
  4285 | Ossuary  | Reached skill level 1 in Shields
  4537 | D:7      | Found a flagged portal.
  4681 | D:6      | Learned a level 2 spell: Passwall
  4701 | D:6      | Found a shimmering altar of Xom.
  4890 | D:8      | Noticed a hornet
  5021 | D:8      | Reached XP level 10. HP: 72/113 MP: 17/22
  5292 | D:8      | Reached skill level 5 in Dodging
  6058 | D:8      | Found a staircase to the Lair.
  6416 | D:8      | Found a snail-covered altar of Cheibriados.
  6492 | Lair:1   | Entered Level 1 of the Lair of Beasts
  6518 | Lair:1   | Noticed a boulder beetle
  6531 | Lair:1   | Found a runed translucent door.
  6561 | Lair:1   | Noticed Lutefisk's ghost (journeyman TeAE)
  6561 | Lair:1   | Noticed a torpor snail
  6586 | Lair:1   | Killed a torpor snail
  6674 | Lair:1   | Found a hide-covered altar of Uskayaw.
  6674 | Lair:1   | Noticed a boulder beetle
  6687 | Lair:2   | Noticed a cane toad
  6708 | Lair:2   | Reached skill level 5 in Shields
  6722 | Lair:2   | Reached XP level 11. HP: 24/123 MP: 7/23
  6934 | Lair:2   | Found a staircase to the Shoals.
  6934 | Lair:2   | Noticed a four-headed hydra
  7038 | Lair:2   | Found a frozen archway.
  7126 | Lair:2   | Found a staircase to the Snake Pit.
  8745 | Lair:3   | Reached skill level 10 in Shields
  8889 | Lair:4   | Noticed a five-headed hydra
  8902 | Lair:4   | Reached XP level 12. HP: 94/132 MP: 8/25
  9336 | Lair:4   | Reached skill level 10 in Spellcasting
 10153 | Lair:5   | Entered Level 5 of the Lair of Beasts
 10169 | Lair:5   | Noticed a seven-headed hydra
 10702 | D:9      | Noticed a two-headed ogre
 10749 | D:9      | Killed a two-headed ogre
 10790 | D:10     | Entered Level 10 of the Dungeon
 10816 | D:10     | Noticed Erica
 10990 | D:10     | Found a bloodstained altar of Trog.
 11256 | D:11     | Noticed an ettin
 11256 | D:11     | Noticed a centaur warrior
 11272 | D:11     | Noticed a tengu warrior
 11273 | D:11     | Noticed a centaur warrior
 11469 | D:11     | Noticed Snorg
 11488 | D:11     | Killed Snorg
 11701 | D:12     | Noticed a centaur warrior
 11709 | D:12     | Killed a centaur warrior
 11761 | D:12     | HP: 6/139 [something (12)]
 11823 | D:12     | Noticed Rupert
 12032 | D:11     | Killed Erica
 12399 | D:12     | Reached XP level 13. HP: 146/146 MP: 22/27
 12458 | D:12     | Paralysed by Rupert for 3 turns
 12518 | D:12     | Got the Papyrus of Attendants
 12525 | D:12     | Found a staircase to the Orcish Mines.
 12534 | Orc:1    | Entered Level 1 of the Orcish Mines
 12604 | D:12     | Found a portal to a secret trove of treasure.
 13100 | Orc:2    | Entered Level 2 of the Orcish Mines
 13194 | Orc:2    | Found a staircase to the Elven Halls.
 13321 | Orc:2    | Noticed an orc warlord
 13351 | Orc:2    | Found a runed translucent gate.
 13351 | Orc:2    | Found a runed translucent gate.
 13351 | Orc:2    | Found a runed translucent gate.
 13352 | Orc:2    | Found an opulent altar of Gozag.
 13353 | Orc:2    | Noticed zeram's ghost (journeyman MiFi)
 13721 | Orc:2    | Reached skill level 5 in Evocations
 14039 | Orc:2    | Reached skill level 5 in Armour
 14316 | Orc:2    | Paralysed by an ogre mage for 4 turns
 14966 | Orc:2    | Found Xinoag's Antique Weapon Shoppe.
 14966 | Orc:2    | Found Sedeh's Jewellery Boutique.
 14967 | Orc:2    | Found Xohe Ace's Antique Weapon Shoppe.
 14967 | Orc:2    | Found Naproafi's Assorted Antiques.
 14978 | Orc:2    | Bought a scroll of teleportation for 96 gold pieces
 14978 | Orc:2    | Bought a scroll of fear for 128 gold pieces
 14978 | Orc:2    | Bought a scroll of teleportation for 96 gold pieces
 14982 | Orc:2    | Bought an ichor-stained flail for 323 gold pieces
 14982 | Orc:2    | Identified the +7 flail "Gram" {holy, rPois rN+ rCorr} (You
                  | bought it in a shop on level 2 of the Orcish Mines)
 15482 | Lair:5   | Reached XP level 14. HP: 144/156 MP: 22/30
 15513 | Lair:5   | Found a staircase to the Slime Pits.
 15912 | Lair:5   | Noticed Josephine
 16073 | Lair:5   | Killed Josephine
 16391 | Lair:5   | Reached skill level 15 in Fighting
 16946 | Lair:5   | HP: 4/159 [manticore (12)]
 17155 | Lair:5   | Found the ring of the Octopus King
 17165 | Lair:5   | Identified a ring of the Octopus King {HP+2 AC+2 EV+2 SH+2
                  | SInv}
 17293 | Shoals:1 | Entered Level 1 of the Shoals
 17462 | Shoals:1 | Learned a level 4 spell: Hailstorm
 17574 | Shoals:1 | Learned a level 4 spell: Sticky Flame
 17579 | Shoals:1 | Identified the ring "Oget" {rPois EV+4}
 17621 | Shoals:1 | Reached skill level 1 in Conjurations
 17864 | Shoals:1 | Reached XP level 15. HP: 97/167 MP: 30/33
 18002 | Shoals:2 | Reached skill level 15 in Spellcasting
 18040 | Shoals:2 | Noticed Polyphemus
 18087 | Shoals:2 | Mangled by a catoblepas

Illustrated notes

Levels and vault maps discovered:
D:1:      reono_arrival_mine, layout_basic
D:2:      layout_basic, shapermc_ecumenical_altar_mp_ritualfount,
          nicolae_concentric_dashed_squares_wild, uniq_sigmund
D:3:      layout_loops_corners, grunt_dithmenos_smoke_and_mirrors,
          cheibrodos_ashenzari_chains, led_sif_pool, ebering_ghost_sewer_d,
          guppyfry_early_lair_pool, uniq_ijyb, uniq_jessica, uniq_robin
D:4:      layout_rooms, nemelex_spade_bored_becter, uniq_pikel
D:5:      kennysheep_big_flooded_room, layout_cave_pools,
          nicolae_uskayaw_en_pointe
D:6:      layout_gridville, tgw_xom, lemuel_mausoleum_altar_kikubaaqudgha,
          mainiacjoe_overflow_tiny_flanked, temple_doors_e,
          cheibrodos_sewer_entry_drain, uniq_grinder
D:7:      layout_rooms, nicolae_ossuary_entry_false_entrances, enter_bailey_3,
          minmay_misc_feat_more_columns
D:8:      layout_rooms, cheibriados_altar_1, erik_lair_orcish_takeover,
          serial_curves, eino_curves_03, eino_curves_04, dk_noncrumbling_3
D:9:      layout_irregular_city
D:10:     layout_cross, mainiacjoe_overflow_catwalk, uniq_erica
D:11:     layout_loops_ring, onia_ninara_dug_in_and_dangerous, uniq_snorg
D:12:     layout_basic, david_orc_3, enter_trove_1, drop_trap, uniq_rupert
D:13:     nrook_guardian_serpent_snake_passage, layout_irregular_city
Lair:1:   layout_cellular_growth, nicolae_volcano_entry_hallway,
          hellmonk_ghost_happy_afterlife, nzn_masters_of_martial_movement,
          lemuel_fruit_tree
Lair:2:   layout_roguey, shoals_dummy_entry, dummy_snake_entry,
          portal_ice_cave_demonic_guard, grunt_megastairs_2
Lair:3:   layout_gridlike, grunt_megastairs_1, lemuel_fruit_fields
Lair:4:   layout_gridlike
Lair:5:   evilmike_catoblepas_cave, layout_cave_shapes,
          minmay_slime_entry_pillars, uniq_josephine
Shoals:1: layout_shoals
Shoals:2: layout_shoals, uniq_polyphemus
Orc:1:    layout_caves, basic_altar
Orc:2:    st_orc_ogre_mass, layout_caves, ebering_ghost_gozag,
          dreamdust_deal_with_the_devil

Skill      XL: |  1  2  3  4  5  6  7  8  9 10 11 12 13 14 15 |
---------------+----------------------------------------------+-----
Fighting       | 5 6 7 8 9 10 11 12 14 15 | 15.0
Dodging        | 2 3 4 5 8 |  8.0
Evocations     | 1 3 4 5 6 |  6.0
Fire Magic     | 3 4 |  4.0
Spellcasting   | 3 5 8 9 10 12 14 15 | 15.0
Armour         | 1 2 3 4 6 7 |  7.0
Stealth        | 1 |  1.0
Ice Magic      | 3 4 |  4.0
Throwing       | 1 2 3 |  3.0
Shields        | 1 6 10 12 | 12.0
Conjurations   | 2 4 |  4.0
Polearms       | |  3.0

Action                   |  1- 3 |  4- 6 |  7- 9 | 10-12 | 13-15 || total
-------------------------+-------+-------+-------+-------+-------++-------
Melee: Spear             |    99 |   146 |   141 |       |       ||   386
       Punch             |       |       |     2 |     1 |       ||     3
       Scimitar          |       |       |   163 |       |       ||   163
       Trident           |       |       |    19 |   491 |   457 ||   967
       Flail             |       |       |       |       |   124 ||   124
 Fire: Sling             |     2 |       |       |       |       ||     2
Throw: Javelin           |       |       |     1 |       |       ||     1
       Dart              |       |       |       |    39 |    48 ||    87
       Boomerang         |       |       |       |     2 |       ||     2
 Cast: Scorch            |     4 |    25 |   145 |   172 |   256 ||   602
       Frozen Ramparts   |       |       |    23 |    61 |    80 ||   164
       Passwall          |       |       |       |     3 |     4 ||     7
Invok: Fiery Armour      |       |     2 |       |     1 |       ||     3
Evoke: Wand              |       |       |     3 |     9 |    19 ||    31
       Phantom mirror    |       |       |       |       |     1 ||     1
  Use: Scroll            |       |     3 |    14 |    14 |    11 ||    42
       Potion            |       |     1 |       |     7 |     5 ||    13
 Stab: Sleeping          |       |       |     2 |     1 |     2 ||     5
Armor: Robe              |    18 |    34 |   172 |    93 |       ||   317
       Troll leather arm |       |       |       |    28 |   110 ||   138
Dodge: Dodged            |    30 |    61 |   172 |   141 |   148 ||   552
       Repelled          |       |       |       |     1 |     5 ||     6
Block: Other             |       |       |    56 |    32 |       ||    88
       Tower shield      |       |       |       |   501 |   806 ||  1307
       Reflection        |       |       |       |    17 |    32 ||    49
